 Dungeon Crawl Stone Soup version 0.19.0-2-gae57169 (webtiles) character file.

656 HungrySpirit the Cleaver (level 7, -6/64 HPs)
             Began as a Minotaur Berserker on Nov 6, 2016.
             Was a Priest of Trog.
             Killed by divine providence
             ... invoked by an orc priest
              (13 damage)
             ... on level 4 of the Dungeon.
             The game lasted 00:02:58 (2907 turns).

HungrySpirit the Cleaver (Minotaur Berserker)       Turns: 2907, Time: 00:02:59

Health: -6/64      AC:  4    Str: 23    XL:     7   Next: 29%
Magic:  6/6        EV: 15    Int:  5    God:    Trog [***...]
Gold:   100        SH:  2    Dex:  9    Spells: 0 memorised, 6 levels left

rFire  . . .     SeeInvis .     a - +0 hand axe
rCold  . . .     Gourm    .     b - +0 animal skin
rNeg   . . .     Faith    .     (no shield)
rPois  .         Spirit   .     (helmet restricted)
rElec  .         Reflect  +     (no cloak)
rCorr  .         Harm     .     d - +0 pair of gloves
MR     .....                    p - +0 pair of boots
Stlth  +.........               h - +2 amulet of reflection
                                (no ring)
                                m - +3 ring of evasion

@: drained
A: retaliatory headbutt, horns 2
a: Berserk, Trog's Hand, Burn Spellbooks, Renounce Religion


You were on level 4 of the Dungeon.
You worshipped Trog.
Trog was most pleased with you.
You were not hungry.

You visited 1 branch of the dungeon, and saw 4 of its levels.

You collected 100 gold pieces.

Inventory:

Hand Weapons
 a - a +0 hand axe (weapon)
Armour
 b - a +0 animal skin (worn)
 d - a +0 pair of gloves (worn)
 p - a +0 pair of boots (worn)
Jewellery
 h - a +2 amulet of reflection (around neck)
 m - a +3 ring of evasion (left hand)
 n - a +2 ring of strength {unknown}
 s - an uncursed amulet of faith {unknown}
Scrolls
 i - a scroll of random uselessness {unknown}
 j - 4 scrolls of identify {unknown}
 l - a scroll of enchant armour {unknown}
 r - a scroll of teleportation {unknown}
Potions
 e - a potion of haste {unknown}
 g - 2 potions of curing {unknown}
 o - a potion of flight {unknown}
 q - a potion of mutation {unknown}
Comestibles
 c - 2 bread rations
 f - 2 meat rations


   Skills:
 + Level 6.8(5.7) Fighting
 * Level 8.5(7.3) Axes
 - Level 2.4(1.4) Armour
 - Level 2.1(1.2) Dodging


You had 6 spell levels left.
You didn't know any spells.

Dungeon Overview and Level Annotations

Branches:
Dungeon (4/15)
 Temple: D:4-7

Altars:
Dithmenos

Annotations:
D:4 Pikel


Innate Abilities, Weirdness & Mutations

You reflexively headbutt those who attack you in melee.
You have a pair of horns on your head.


Message History

The orc is severely wounded.
You closely miss the orc.
The orc priest invokes the aid of Beogh against you.
Beogh smites you!
* * * LOW HITPOINT WARNING * * *
You block the orc's attack.
A slave comes into view.
The slave shouts!
Unknown command.
The slave moves out of view.
The slave closely misses you. You furiously retaliate!
You headbutt the slave.
The orc priest calls down the wrath of Beogh upon you.
Pain shoots through your body!
* * * LOW HITPOINT WARNING * * *
A slave comes into view.
Unknown command.
Unknown command.
The orc priest calls down the wrath of Beogh upon you.
Beogh smites you!
You die...

...##.........#......# #..
....#.).......#......###..
...............#......#....
...#.#.........####.....#..
. ........##.######...).)..
#........##.##...)...###..
..........#.....###.#.# ..#
#.............### #.#.#..##
.........@...# ..#....
........p##..# .###.##.
..####K.##..###. ...#.
p.p..pooo...... #.P #.
.##....oS.....#
...##.o......... ..
............# #
.#.......#### .. ........#


You could see Pikel, 2 slaves, an orc priest, an orc wizard and 2 orcs.

Vanquished Creatures
  The ghost of Kilrog the Sneak, a novice KoAs of Nemelex Xobeh (D:4)
  Duvessa (D:4)
  Dowan (D:4)
  2 wights (D:4)
  A howler monkey (D:4)
  An orc wizard (D:3)
  A worker ant (D:4)
  3 adders
  A worm (D:2)
  2 leopard geckos (D:2)
  4 orcs
  7 bats
  A giant cockroach (D:2)
  9 hobgoblins
  9 kobolds
  A frilled lizard (D:2)
  5 goblins
  A jackal skeleton (D:4)
  6 rats
57 creatures vanquished.

Notes
Turn   | Place    | Note
-------+----------+-------------------------------------------
     0 | D:1      | HungrySpirit the Minotaur Berserker began the quest for the Orb.
     0 | D:1      | Reached XP level 1. HP: 19/19 MP: 0/0
   284 | D:1      | Reached skill level 4 in Axes
   286 | D:1      | Reached XP level 2. HP: 24/27 MP: 1/1
   687 | D:1      | Reached ** piety under Trog
  1142 | D:2      | Reached XP level 3. HP: 24/33 MP: 2/2
  1336 | D:2      | Found a shadowy altar of Dithmenos.
  1536 | D:2      | Reached skill level 5 in Axes
  2005 | D:3      | Reached XP level 4. HP: 28/41 MP: 3/3
  2320 | D:4      | Noticed Duvessa
  2329 | D:4      | Noticed Dowan
  2330 | D:4      | Noticed Kilrog's ghost (novice KoAs)
  2336 | D:4      | Killed Duvessa
  2336 | D:4      | Reached skill level 5 in Fighting
  2336 | D:4      | Reached skill level 6 in Axes
  2336 | D:4      | Reached XP level 5. HP: 40/48 MP: 4/4
  2338 | D:4      | Reached XP level 6. HP: 38/57 MP: 5/5
  2339 | D:4      | Killed Dowan
  2339 | D:4      | Reached skill level 7 in Axes
  2346 | D:4      | Killed Kilrog's ghost
  2346 | D:4      | Reached *** piety under Trog
  2346 | D:4      | Reached skill level 8 in Axes
  2346 | D:4      | Reached XP level 7. HP: 12/64 MP: 6/6
  2902 | D:4      | Noticed Pikel
  2907 | D:4      | Killed from afar by an orc priest

Skill      XL: |  1  2  3  4  5  6 |
---------------+-------------------+-----
Axes           | 4 5 6 8 |  8.5
Fighting       | 4 5 6 |  6.8
Armour         | |  2.4
Dodging        | |  2.1

Action                   |  1- 3 |  4- 6 |  7- 9 || total
-------------------------+-------+-------+-------++-------
Melee: Hand axe          |    81 |    26 |    26 ||   133
       Headbutt          |     7 |     3 |     3 ||    13
Invok: Berserk           |       |     1 |       ||     1
  Eat: Chunk             |     3 |     1 |     2 ||     6
       Fruit             |       |       |     1 ||     1
Armor: Animal skin       |    16 |     5 |       ||    21
Dodge: Dodged            |    51 |    22 |    14 ||    87
Block: Other             |     3 |     1 |     1 ||     5
